APP
WASHINGTON (APP) NATIONALS @ DANVILLE BRAVES
07/08/2045
 
TOP OF THE 1ST
Washington (APP) Nationals batting - Pitching for Danville Braves : RHP Matt Buxton
Pitching: RHP Matt Buxton
Batting: RHB Bobby Bricker 0-0: Foul Ball, location: 2F
0-1: Ball
1-1: Called Strike
1-2: Ground out 6-3 (Groundball, 6, EV 103.1 MPH)
Batting: RHB Chad Madsen 0-0: Ball
1-0: Ball
2-0: DOUBLE (Groundball, 3L, EV 93.8 MPH)
Batting: RHB Gregg Huddleston 0-0: Foul Ball, location: 2F
0-1: Ball
1-1: Swinging Strike
1-2: Foul Ball, location: 2F
1-2: Strikes out looking
Batting: RHB Antonio Vallez 0-0: Called Strike
0-1: Swinging Strike
0-2: Strikes out looking
Top of the 1st over - 0 runs, 1 hit, 0 errors, 1 left on base; Washington (APP) 0 - Danville 0
BOTTOM OF THE 1ST
Danville Braves batting - Pitching for Washington (APP) Nationals : RHP Danny Clarke
Pitching: RHP Danny Clarke
Batting: RHB Zach Hulme 0-0: Ball
1-0: Ball
2-0: SINGLE (Line Drive, 34D, EV 106.9 MPH)
Batting: RHB Joe Young 0-0: Ball
1-0: Ball
2-0: Called Strike
2-1: Called Strike
2-2: Foul Ball, location: 2F
2-2: Foul Ball, location: 2F
2-2: Foul Ball, location: 2F
2-2: Foul Ball, location: 2F
2-2: Fielders Choice at 2nd, 6-4 (Groundball, 6, EV 78.1 MPH)
Pitching: LHP Johnny Busse
Batting: RHB Yojiro Hayashi 0-0: Ball
1-0: Ball
2-0: Ball
3-0: Called Strike
3-1: Foul Ball, location: 2F
3-2: Base on Balls
Joe Young to second
Batting: LHB Ryan Murdock 0-0: Ball
1-0: Swinging Strike
1-1: Called Strike
1-2: Ball
2-2: Ball
3-2: Fly out, F5 (Line Drive, 5, EV 70.6 MPH)
Batting: RHB Tim Molchan 0-0: Called Strike
0-1: Ball
1-1: Ball
2-1: Fly out, F7 (Flyball, 78D, EV 86.9 MPH)
Bottom of the 1st over - 0 runs, 1 hit, 0 errors, 2 left on base; Washington (APP) 0 - Danville 0
TOP OF THE 2ND
Washington (APP) Nationals batting - Pitching for Danville Braves : RHP Matt Buxton
Batting: LHB Jim Weidman 0-0: Swinging Strike
0-1: Foul Ball, location: 2F
0-2: Ball
1-2: Ball
2-2: Strikes out looking
Batting: RHB Steve Kunselman 0-0: Swinging Strike
0-1: Bunted foul
0-2: Strikes out looking
Batting: RHB Jelexiz Cuenca 0-0: Foul Ball, location: 2F
0-1: Ball
1-1: Ball
2-1: Foul Ball, location: 2F
2-2: Ball
3-2: Strikes out swinging
Top of the 2nd over - 0 runs, 0 hits, 0 errors, 0 left on base; Washington (APP) 0 - Danville 0
BOTTOM OF THE 2ND
Danville Braves batting - Pitching for Washington (APP) Nationals : LHP Johnny Busse
Batting: RHB Armando Moz 0-0: Fly out, F9 (Flyball, 89S, EV 85.6 MPH)
Batting: RHB Adrian Billups 0-0: Foul Ball, location: 2F
0-1: Called Strike
0-2: Ball
1-2: Ball
2-2: TRIPLE (Groundball, 3L, EV 106.9 MPH)
Pitching: RHP Matt Norris
Batting: RHB George Provance 0-0: Ball
Wild Pitch!
Adrian Billups scores
1-0: Ball
2-0: Foul Ball, location: 2F
2-1: Ball
3-1: Base on Balls
Batting: RHB Miguel Vazquez 0-0: Called Strike
0-1: Called Strike
0-2: Ball
1-2: Foul Ball, location: 2F
1-2: Foul Ball, location: 2F
1-2: Ball
2-2: SINGLE (Line Drive, 89S, EV 100.6 MPH)
George Provance to second
George Provance to third
Batting: RHB Zach Hulme 0-0: Foul Ball, location: 2F
0-1: Swinging Strike
0-2: Strikes out swinging
Batting: RHB Joe Young 0-0: Ball
1-0: Called Strike
1-1: SINGLE (Groundball, 6S, EV 63.1 MPH) (infield hit)
George Provance scores
Miguel Vazquez to second
Pitching: RHP Nate Vandergriff
Batting: RHB Yojiro Hayashi 0-0: Called Strike
0-1: Ball
1-1: SINGLE (Line Drive, 8LM, EV 99.4 MPH)
Miguel Vazquez to third
Joe Young to second
Runner from 3rd tries for Home, SAFE, throw by CF to home
Batting: LHB Ryan Murdock 0-0: Foul Ball, location: 2F
0-1: Ball
1-1: SINGLE (Flyball, 3D, EV 90.6 MPH)
Joe Young to third
Yojiro Hayashi to second
Runner from 3rd tries for Home, SAFE, throw by RF to home
Yojiro Hayashi to third
Ryan Murdock to second
Batting: RHB Tim Molchan 0-0: Ball
1-0: Called Strike
1-1: Ground out 6-3 (Groundball, 6, EV 85.0 MPH)
Bottom of the 2nd over - 4 runs, 5 hits, 0 errors, 2 left on base; Washington (APP) 0 - Danville 4
TOP OF THE 3RD
Washington (APP) Nationals batting - Pitching for Danville Braves : RHP Matt Buxton
Batting: RHB Brian Walker 0-0: Called Strike
0-1: Fly out, F6 (Popup, 56D, EV 48.8 MPH)
Batting: RHB Jason Ewert 0-0: Ball
1-0: Called Strike
1-1: Foul Ball, location: 2F
1-2: Fly out, F5 (Flyball, 5D, EV 87.5 MPH)
Batting: RHB Bobby Bricker 0-0: Ball
1-0: Called Strike
1-1: Swinging Strike
1-2: Strikes out swinging
Top of the 3rd over - 0 runs, 0 hits, 0 errors, 0 left on base; Washington (APP) 0 - Danville 4
BOTTOM OF THE 3RD
Danville Braves batting - Pitching for Washington (APP) Nationals : RHP Nate Vandergriff
Batting: RHB Armando Moz 0-0: Ball
1-0: Fly out, F7 (Flyball, 7LM, EV 98.1 MPH)
Batting: RHB Adrian Billups 0-0: Ball
1-0: Swinging Strike
1-1: Ball
2-1: Ball
3-1: Base on Balls
Batting: RHB George Provance 0-0: Ball
1-0: Fielders Choice at 2nd, 3-6 (Groundball, 34, EV 105.6 MPH)
Pitching: RHP Cheng-ho Tai
Batting: RHB Miguel Vazquez 0-0: Ball
1-0: Ball
George Provance steals 2nd base
2-0: Ball
3-0: Called Strike
3-1: Ground out 6-3 (Groundball, 6, EV 88.1 MPH)
Bottom of the 3rd over - 0 runs, 0 hits, 0 errors, 1 left on base; Washington (APP) 0 - Danville 4
TOP OF THE 4TH
Washington (APP) Nationals batting - Pitching for Danville Braves : RHP Matt Buxton
Batting: RHB Chad Madsen 0-0: Called Strike
0-1: Ball
1-1: Ball
2-1: Ground out 5-3 (Groundball, 5, EV 87.5 MPH)
Batting: RHB Gregg Huddleston 0-0: Ball
1-0: Foul Ball, location: 2F
1-1: Swinging Strike
1-2: Strikes out swinging
Batting: RHB Antonio Vallez 0-0: Called Strike
0-1: Ball
1-1: Swinging Strike
1-2: Ball
2-2: Ground out 4-3 (Groundball, 4M, EV 110.0 MPH)
Top of the 4th over - 0 runs, 0 hits, 0 errors, 0 left on base; Washington (APP) 0 - Danville 4
BOTTOM OF THE 4TH
Danville Braves batting - Pitching for Washington (APP) Nationals : RHP Cheng-ho Tai
Batting: RHB Zach Hulme 0-0: Foul Ball, location: 2F
0-1: Ball
1-1: Ball
2-1: Ball
3-1: SINGLE (Line Drive, 6D, EV 96.9 MPH)
Batting: RHB Joe Young 0-0: Ball
1-0: Called Strike
1-1: Foul Ball, location: 2F
1-2: Ball
2-2: Ball
3-2: Base on Balls
Zach Hulme to second
Batting: RHB Yojiro Hayashi 0-0: Ball
1-0: Ball
2-0: SINGLE (Groundball, 56S, EV 72.5 MPH) (infield hit)
Zach Hulme to third
Joe Young to second
Pitching: RHP Matt Seivert
Batting: LHB Ryan Murdock 0-0: Foul Ball, location: 2F
0-1: Foul Ball, location: 2F
0-2: Foul Ball, location: 2F
0-2: SINGLE (Groundball, 4MD, EV 98.8 MPH)
Zach Hulme scores
Joe Young to third
Yojiro Hayashi to second
Batting: RHB Tim Molchan 0-0: Swinging Strike
0-1: Hit by Pitch
Joe Young scores
Yojiro Hayashi to third
Ryan Murdock to second
Batting: RHB Armando Moz 0-0: Ball
1-0: Foul Ball, location: 2F
1-1: Ball
2-1: Ball
3-1: Foul Ball, location: 2F
3-2: Fly out, F8 (Flyball, 8LXD, EV 86.9 MPH)
Runner from 3rd tags up, SCORES, no throw by CF
Ryan Murdock to third
Batting: RHB Adrian Billups 0-0: Ball
1-0: SINGLE (Groundball, 6M, EV 107.5 MPH) (infield hit)
Ryan Murdock scores
Tim Molchan to second
Batting: RHB George Provance 0-0: Fielders Choice at 2nd, 6-4 (Groundball, 6, EV 86.2 MPH)
Tim Molchan to third
Batting: RHB Miguel Vazquez 0-0: Foul Ball, location: 2F
0-1: Ball
Passed Ball!
Tim Molchan scores
George Provance to second
1-1: Hit by Pitch
Pitching: RHP Chris Mosley
Batting: RHB Zach Hulme 0-0: Ball
1-0: Called Strike
1-1: SINGLE (Line Drive, 7S, EV 103.8 MPH)
George Provance to third
Miguel Vazquez to second
Runner from 3rd tries for Home, SAFE, throw by LF to home
Batting: RHB Joe Young 0-0: Called Strike
0-1: Ball
1-1: Swinging Strike
1-2: Foul Ball, location: 2F
1-2: Ball
2-2: Ball
3-2: Base on Balls
Miguel Vazquez to third
Zach Hulme to second
Batting: RHB Yojiro Hayashi 0-0: Foul Ball, location: 2F
0-1: Ball
1-1: Swinging Strike
1-2: Foul Ball, location: 2F
1-2: Ball
2-2: Ball
3-2: Base on Balls
Miguel Vazquez scores
Zach Hulme to third
Joe Young to second
Batting: LHB Ryan Murdock 0-0: Called Strike
0-1: Foul Ball, location: 2F
0-2: Ball
1-2: SINGLE (Groundball, 34D, EV 105.6 MPH)
Zach Hulme scores
Joe Young to third
Yojiro Hayashi to second
Runner from 3rd tries for Home, throw by RF and OUT! 9-2
Bottom of the 4th over - 8 runs, 6 hits, 0 errors, 2 left on base; Washington (APP) 0 - Danville 12
TOP OF THE 5TH
Washington (APP) Nationals batting - Pitching for Danville Braves : RHP Matt Buxton
Batting: LHB Jim Weidman 0-0: Ball
1-0: Ball
2-0: Called Strike
2-1: Swinging Strike
2-2: Ball
3-2: Foul Ball, location: 2F
3-2: Strikes out looking
Batting: RHB Steve Kunselman 0-0: Foul Ball, location: 2F
0-1: Foul Ball, location: 2F
0-2: Ball
1-2: Ball
2-2: Foul Ball, location: 2F
2-2: Ball
3-2: Strikes out swinging
Batting: RHB Jelexiz Cuenca 0-0: Called Strike
0-1: Foul Ball, location: 2F
0-2: Ball
1-2: Strikes out swinging
Top of the 5th over - 0 runs, 0 hits, 0 errors, 0 left on base; Washington (APP) 0 - Danville 12
BOTTOM OF THE 5TH
Danville Braves batting - Pitching for Washington (APP) Nationals : RHP Chris Mosley
Pitching: RHP Jimmy Purscell
Batting: RHB Tim Molchan 0-0: Called Strike
0-1: Foul Ball, location: 2F
0-2: Ball
1-2: Ball
2-2: Ball
3-2: SINGLE (Groundball, 56S, EV 62.5 MPH) (infield hit)
Batting: RHB Armando Moz 0-0: Reached on error, E5 (Groundball, 56S, EV 82.5 MPH)
Tim Molchan to second
Batting: RHB Adrian Billups 0-0: Ball
1-0: Foul Ball, location: 2F
1-1: Called Strike
1-2: Ball
2-2: Foul Ball, location: 2F
2-2: Ball
3-2: Base on Balls
Tim Molchan to third
Armando Moz to second
Batting: RHB George Provance 0-0: Foul Ball, location: 2F
0-1: Ball
1-1: Foul Ball, location: 2F
1-2: Foul Ball, location: 2F
1-2: Ball
2-2: Foul Ball, location: 2F
2-2: Ball
3-2: Base on Balls
Tim Molchan scores
Armando Moz to third
Adrian Billups to second
Batting: RHB Miguel Vazquez 0-0: Ball
1-0: Called Strike
1-1: Ball
2-1: Ball
3-1: Foul Ball, location: 2F
3-2: Fly out, F9 (Flyball, 9LS, EV 89.4 MPH)
Batting: RHB Zach Hulme 0-0: Ball
1-0: Fielders Choice at 2nd, 3-6 (Groundball, 13, EV 90.0 MPH)
Armando Moz scores
Adrian Billups to third
Batting: RHB Joe Young 0-0: Foul Ball, location: 2F
0-1: Ball
1-1: Swinging Strike
1-2: Ball
2-2: Ball
3-2: Base on Balls
Zach Hulme to second
Batting: RHB Yojiro Hayashi 0-0: Foul Ball, location: 2F
0-1: Ball
1-1: Ball
2-1: Ball
3-1: Foul Ball, location: 2F
3-2: Ground out 6-3 (Groundball, 56, EV 77.5 MPH)
Bottom of the 5th over - 2 runs, 1 hit, 1 error, 3 left on base; Washington (APP) 0 - Danville 14
TOP OF THE 6TH
Washington (APP) Nationals batting - Pitching for Danville Braves : RHP Matt Buxton
Batting: RHB Brian Walker 0-0: Swinging Strike
0-1: Ground out 6-3 (Groundball, 6D, EV 85.0 MPH)
Batting: RHB Jason Ewert 0-0: Ball
1-0: Ball
2-0: Ground out 5-3 (Groundball, 56, EV 101.2 MPH)
Batting: RHB Bobby Bricker 0-0: Ball
1-0: Swinging Strike
1-1: Swinging Strike
1-2: Ball
2-2: Foul Ball, location: 2F
2-2: SINGLE (Groundball, 4M, EV 99.4 MPH) (infield hit)
Batting: RHB Chad Madsen 0-0: Called Strike
Bobby Bricker steals 2nd base
0-1: Ball
Wild Pitch!
Bobby Bricker to third
1-1: Foul Ball, location: 2F
1-2: Ball
2-2: Reached on error, E6 (Groundball, 6, EV 83.1 MPH)
Bobby Bricker scores
Batting: RHB Gregg Huddleston 0-0: Ball
1-0: Called Strike
1-1: Foul Ball, location: 2F
1-2: Strikes out swinging
Top of the 6th over - 1 run, 1 hit, 1 error, 1 left on base; Washington (APP) 1 - Danville 14
BOTTOM OF THE 6TH
Danville Braves batting - Pitching for Washington (APP) Nationals : RHP Jimmy Purscell
Pitching: RHP Ramiro Ramirez
Batting: LHB Ryan Murdock 0-0: Called Strike
0-1: Swinging Strike
0-2: Strikes out swinging
Batting: RHB Tim Molchan 0-0: Ball
1-0: Reached on error, E3 (Groundball, 3L, EV 105.6 MPH)
Batting: RHB Armando Moz 0-0: Ball
1-0: Ball
2-0: Ball
3-0: Called Strike
3-1: Called Strike
3-2: Foul Ball, location: 2F
3-2: SINGLE (Flyball, 8LS, EV 92.5 MPH)
Tim Molchan to second
Batting: RHB Adrian Billups 0-0: Ball
1-0: Grounds into double play, 1-6-3 (Groundball, 13, EV 65.6 MPH)
Bottom of the 6th over - 0 runs, 1 hit, 1 error, 1 left on base; Washington (APP) 1 - Danville 14
TOP OF THE 7TH
Washington (APP) Nationals batting - Pitching for Danville Braves : RHP Matt Buxton
Batting: RHB Antonio Vallez 0-0: Ball
1-0: Swinging Strike
1-1: Foul Ball, location: 2F
1-2: Strikes out swinging
Batting: LHB Jim Weidman 0-0: Ball
1-0: Ball
2-0: Called Strike
2-1: Foul Ball, location: 2F
2-2: Strikes out swinging
Batting: RHB Steve Kunselman 0-0: Ball
1-0: SINGLE (Groundball, 56D, EV 99.4 MPH)
Batting: RHB Jelexiz Cuenca 0-0: Ball
1-0: Called Strike
1-1: Ball
2-1: Foul Ball, location: 2F
2-2: Strikes out swinging
Top of the 7th over - 0 runs, 1 hit, 0 errors, 1 left on base; Washington (APP) 1 - Danville 14
BOTTOM OF THE 7TH
Danville Braves batting - Pitching for Washington (APP) Nationals : RHP Ramiro Ramirez
Batting: RHB George Provance 0-0: Called Strike
0-1: Swinging Strike
0-2: Strikes out looking
Batting: RHB Miguel Vazquez 0-0: Foul Ball, location: 2F
0-1: SINGLE (Line Drive, 7LS, EV 99.4 MPH)
Batting: RHB Zach Hulme 0-0: Called Strike
0-1: Ball
1-1: Ball
2-1: Called Strike
2-2: Ball
3-2: Base on Balls
Miguel Vazquez to second
Pitching: LHP Mike Rosas
Batting: RHB Joe Young 0-0: Ball
1-0: Called Strike
1-1: SINGLE (Groundball, 56, EV 107.5 MPH)
Miguel Vazquez to third
Zach Hulme to second
Runner from 3rd tries for Home, SAFE, throw by LF to home
Batting: RHB Yojiro Hayashi 0-0: DOUBLE (Line Drive, 5D, EV 103.8 MPH)
Zach Hulme scores
Joe Young to third
Runner from 3rd tries for Home, SAFE, no throw by LF
Batting: LHB Ryan Murdock 0-0: Swinging Strike
0-1: Foul Ball, location: 2F
0-2: Ball
1-2: Foul Ball, location: 2F
1-2: Ball
2-2: Ball
3-2: Foul Ball, location: 2F
3-2: Foul Ball, location: 2F
3-2: Ground out 6-3 (Groundball, 56, EV 107.5 MPH)
Batting: RHB Tim Molchan 0-0: Swinging Strike
0-1: Foul Ball, location: 2F
0-2: Ball
1-2: Ball
2-2: Ball
3-2: Hit by Pitch
Pitching: RHP Greg Hall
Batting: RHB Armando Moz 0-0: Ball
1-0: Ball
2-0: Called Strike
2-1: Swinging Strike
2-2: Fly out, F5 (Line Drive, 5, EV 70.6 MPH)
Bottom of the 7th over - 3 runs, 3 hits, 0 errors, 2 left on base; Washington (APP) 1 - Danville 17
TOP OF THE 8TH
Washington (APP) Nationals batting - Pitching for Danville Braves : RHP Matt Buxton
Pitching: RHP Chris Hawkins
Batting: RHB Brian Walker 0-0: Called Strike
0-1: Ball
1-1: Ball
2-1: Swinging Strike
2-2: Ball
3-2: Base on Balls
Batting: RHB Jason Ewert 0-0: Called Strike
0-1: Grounds into double play, 5-4-3 (Groundball, 56S, EV 81.2 MPH)
Batting: RHB Bobby Bricker 0-0: Called Strike
0-1: Swinging Strike
0-2: Ball
1-2: Ball
2-2: Ball
3-2: Base on Balls
Batting: RHB Chad Madsen 0-0: Ball
1-0: Foul Ball, location: 2F
1-1: Called Strike
1-2: Foul Ball, location: 2F
1-2: Ball
2-2: Strikes out swinging
Top of the 8th over - 0 runs, 0 hits, 0 errors, 1 left on base; Washington (APP) 1 - Danville 17
BOTTOM OF THE 8TH
Danville Braves batting - Pitching for Washington (APP) Nationals : RHP Greg Hall
Batting: RHB Adrian Billups 0-0: Swinging Strike
0-1: Swinging Strike
0-2: Ball
1-2: Strikes out looking
Batting: RHB George Provance 0-0: Called Strike
0-1: Ball
1-1: Ball
2-1: Ball
3-1: Called Strike
3-2: Base on Balls
Batting: RHB Miguel Vazquez 0-0: Grounds into double play, 5-4-3 (Groundball, 56S, EV 85.6 MPH)
Bottom of the 8th over - 0 runs, 0 hits, 0 errors, 0 left on base; Washington (APP) 1 - Danville 17
TOP OF THE 9TH
Washington (APP) Nationals batting - Pitching for Danville Braves : RHP Chris Hawkins
Batting: RHB Gregg Huddleston 0-0: Foul Ball, location: 2F
0-1: Hit by Pitch
Batting: RHB Antonio Vallez 0-0: Ball
1-0: Called Strike
1-1: Swinging Strike
1-2: Ball
2-2: Strikes out looking
Batting: LHB Jim Weidman 0-0: Fielders Choice at 2nd, 4-6 (Groundball, 4M, EV 83.8 MPH)
Batting: RHB Steve Kunselman 0-0: Ball
1-0: Ball
2-0: Foul Ball, location: 2F
2-1: Foul Ball, location: 2F
2-2: Ball
3-2: Foul Ball, location: 2F
3-2: Foul Ball, location: 2F
3-2: Base on Balls
Jim Weidman to second
Batting: RHB Jelexiz Cuenca 0-0: Ball
1-0: Ball
2-0: Called Strike
2-1: Fielders Choice at 2nd, 6-4 (Groundball, 6, EV 91.2 MPH)
Top of the 9th over - 0 runs, 0 hits, 0 errors, 2 left on base; Washington (APP) 1 - Danville 17
Wednesday, June 22nd , 2022 - OOTP Baseball 23.4 Build 64